 Dungeon Crawl Stone Soup version 0.18-a0-1702-gd20c6a5 (webtiles) character file.

219263 Murumi the Fencer (level 19, -2/152 HPs)
             Began as a Formicid Fighter on Apr 6, 2016.
             Was a Believer of Elyvilon.
             Slain by a black mamba (13 damage)
             ... on level 3 of the Snake Pit on Apr 7, 2016.
             The game lasted 04:22:26 (51269 turns).

Murumi the Fencer (Formicid Fighter)               Turns: 51269, Time: 04:22:26

Health: -2/152     AC: 16    Str: 27    XL:     19   Next: 89%
Magic:  10/34      EV:  7    Int: 15    God:    Elyvilon [**....]
Gold:   2433       SH: 15    Dex: 10    Spells: 0 memorised, 18 levels left

rFire  + . .     SeeInvis +     e - +0 double sword (freeze)
rCold  + . .     Gourm    +     d - +0 plate armour {rF+}
rNeg   . . .     Faith    .     X - +0 large shield {rC+}
rPois  +         Spirit   .     (helmet unavailable)
rElec  .         Dismiss  .     R - +1 cloak {MR+}
rCorr  .         Reflect  .     U - +1 pair of gloves
SustAt .         Harm     .     j - +0 pair of boots
MR     ++...                    g - amulet of the gourmand
Stlth  ..........               B - ring of poison resistance
                                v - +4 ring of evasion

@: brilliant, very heavily drained, very resistant to hostile enchantments,
extremely unstealthy
A: permanent stasis, dig shafts and tunnels, four strong arms, antennae 3, high
mp 1, mutation resistance 1
a: Dig, Shaft Self, Lesser Healing, Heal Other, Divine Protection, Renounce
Religion
}: 1/15 runes: decaying


You were on level 3 of the Snake Pit.
You worshipped Elyvilon.
Elyvilon was pleased with you.
You were near starving.

You visited 6 branches of the dungeon, and saw 34 of its levels.
You also visited: Sewer and Ice Cave.

You collected 3193 gold pieces.
You spent 760 gold pieces at shops.

Inventory:

Hand Weapons
 e - a +0 double sword of freezing (weapon)
 f - a +1 arbalest of flaming
 A - a +0 scimitar of flaming
Missiles
 G - 2 poisoned bolts
 I - 189 bolts
 M - 10 silver bolts
Armour
 d - a +0 plate armour of fire resistance (worn)
 j - a +0 pair of boots (worn)
 R - a +1 cloak of magic resistance (worn)
 U - a +1 pair of gloves (worn)
 X - a +0 large shield of cold resistance (worn)
Jewellery
 g - an amulet of the gourmand (around neck)
 k - a +2 ring of intelligence
 n - an uncursed ring of flight
 r - a +4 ring of dexterity
 v - a +4 ring of evasion (left hand)
 B - a ring of poison resistance (right hand)
 C - an uncursed ring of resist corrosion
 D - an uncursed ring of protection from magic
 L - an uncursed ring of wizardry
 P - an uncursed ring of positive energy
 V - an uncursed amulet of regeneration
 W - an uncursed ring of protection from cold
Wands
 m - a wand of teleportation (5/9)
 E - a wand of lightning (3/15)
 T - a wand of lightning (8/15)
Scrolls
 s - 3 scrolls of magic mapping
 u - 9 scrolls of remove curse
 x - 8 scrolls of enchant weapon
 N - 7 scrolls of identify
 Q - a scroll of amnesia
 Z - 3 scrolls of fog
Potions
 a - 2 potions of cure mutation
 b - 3 potions of lignification
 h - 9 potions of brilliance
 i - 3 potions of magic
 o - 2 potions of resistance
 p - 8 potions of heal wounds
 z - 4 potions of cancellation
 H - 5 potions of curing
 S - a potion of might
 Y - 2 potions of invisibility
Miscellaneous
 w - a legendary deck of changes {the Blade}
Comestibles
 l - 24 fruits
 q - 10 beef jerkies
 t - 10 meat rations
 O - 22 bread rations


   Skills:
 + Level 14.1(2.6) Fighting
 - Level 16.2(4.2) Long Blades
 - Level 13.0(1.8) Crossbows
 - Level 14.0(2.5) Armour
 - Level 11.0(0.3) Dodging
 - Level 16.0(4.0) Shields
 - Level 16.0(4.0) Invocations


You had 18 spell levels left.
You didn't know any spells.

Dungeon Overview and Level Annotations

Branches:
Dungeon (15/15)            Temple (1/1) D:4            Lair (8/8) D:8
  Swamp (4/4) Lair:5        Snake (4/4) Lair:3        Slime (0/6) Lair:6
    Orc (2/2) D:12            Elf (0/3) Orc:2        Vaults (0/5) D:14
 Depths (0/5) D:15

Altars:
Ashenzari
Cheibriados
Dithmenos
Elyvilon
Fedhas
Gozag
Kikubaaqudgha
Makhleb
Nemelex Xobeh
Okawaru
Pakellas
Qazlal
Ru
Sif Muna
Trog
Vehumet
Xom
Yredelemnul
Zin
The Shining One

Shops:
D:5 *   Orc:2 :*(?   Snake:3 (

Portals:
Trove: D:12 (give 13 potions of heal wounds)

Annotations:
D:9 Prince Ribbit


Innate Abilities, Weirdness & Mutations

You are under a permanent stasis effect.
You can dig through walls and to a lower floor.
Your four strong arms can wield two-handed weapons with a shield.
You have a pair of large antennae on your head (SInv).
You have an increased reservoir of magic (+10% MP).
You are somewhat resistant to further mutation.


Message History

* * * LOW HITPOINT WARNING * * *
Your shield and plate armour prevent you from hitting the black mamba.
You block the black mamba's attack. x2
You slice the black mamba!! You freeze the black mamba!
The black mamba seems to slow down.
The black mamba is severely wounded.
The black mamba bites you.
* * * LOW HITPOINT WARNING * * *
The black mamba bites you.
* * * LOW HITPOINT WARNING * * *
You miss the black mamba.
The black mamba is severely wounded.
You block the black mamba's attack. The black mamba bites you.
* * * LOW HITPOINT WARNING * * *
Drink which item? (? for menu, Esc to quit)
Okay, then.
Drink which item? (? for menu, Esc to quit)
You feel clever all of a sudden. The black mamba bites you!
You die...

#### #..## ### ###
##..)###)##
##.###.....#.#.#
###.###.......####
#@##{#.........##
##Ss.>).........##
###....>.#......#
##......###......
##......## #......
#......######.....
##.....###.####....
##......##...####...
##.......##....##....


You could see a black mamba and a redback.

Vanquished Creatures
  Vashnia (Snake:2)
  Saint Roka (Orc:2)
  A bone dragon (Swamp:4)
  Frances (Snake:1)
  Roxanne (D:15)
  A thorn hunter (Swamp:2)
  A storm dragon (D:14)
  3 greater nagas
  Kirke (Lair:5)
  A frost giant (IceCv)
  An orc warlord (Orc:1)
  Aizul (Snake:1)
  2 ettins (Orc:2)
  A fire dragon (D:14)
  10 naga warriors
  A ghost crab (Swamp:4)
  16 hydras
  A centaur warrior (D:14)
  6 anacondas
  A death knight (D:14)
  2 ogre magi (D:15)
  2 catoblepae
  2 dancing weapons (D:14)
  10 death yaks (Lair:8)
  A tengu warrior (D:12)
  15 alligators
  A deep troll shaman (Lair:8)
  8 naga sharpshooters
  The ghost of Murumi the Comforter, a novice FoFi of Elyvilon (D:8)
  Urug (Lair:4)
  5 orc high priests
  Nergalle (Orc:1)
  Sonja (Lair:2)
  A salamander mystic (Snake:4)
  An unseen horror (D:12)
  3 naga ritualists
  3 shambling mangroves
  3 swamp dragons
  A deep troll (D:13)
  14 hill giants
  2 deep elf magi (D:12)
  2 spectral hydras (Swamp:4)
  A wolf spider zombie (D:15)
  The ghost of epen the Ruffian, a novice DrMo of Ru (D:6)
  2 phantasmal warriors (Swamp:4)
  4 orc knights
  7 orc sorcerers
  4 mana vipers
  2 cyclopes
  6 ugly things
  4 salamanders
  2 griffons
  2 oklob plants (Lair:4)
  2 hornets (Swamp:3)
  A manticore (D:13)
  3 centaur zombies
  24 elephants
  2 guardian serpents
  9 naga magi
  An ice statue (IceCv)
  27 spiny frogs
  27 black mambas
  A torpor snail (Lair:8)
  A gargoyle (D:12)
  16 komodo dragons
  2 efreet
  3 swamp worm zombies (Swamp:4)
  4 giant leeches
  4 hydra zombies (Swamp:4)
  16 polar bears
  A tengu conjurer (D:14)
  12 trolls
  8 two-headed ogres
  18 blink frogs
  8 slime creatures
  10 bog bodies
  6 alligator zombies (Swamp:4)
  A boulder beetle (Lair:6)
  2 spectral swamp dragons (Swamp:4)
  A shadow (D:12)
  5 redbacks
  9 spriggans
  2 wraiths
  3 wyverns
  Eustachio (D:5)
  A yak (shapeshifter) (D:14)
  107 yaks
  2 basilisks (Lair:5)
  37 vampire mosquitoes
  Menkaure (D:5)
  A hungry ghost (D:14)
  15 hippogriffs
  4 wargs
  22 swamp worms
  2 mottled dragons
  31 insubstantial wisps
  Edmund (D:5)
  29 nagas
  6 porcupines
  15 water moccasins
  47 orc warriors
  4 black bears
  4 sky beasts
  13 ice beasts
  9 swamp drakes
  13 wasps
  4 eyes of draining
  7 phantoms
  23 ogres
  2 swamp dragon zombies (Swamp:4)
  2 necrophages
  39 wolves
  12 centaurs
  25 crocodiles
  33 giant frogs
  4 big kobolds
  A wyvern skeleton (D:14)
  3 scorpions
  A water moccasin skeleton (D:10)
  16 killer bees
  12 wights
  A howler monkey (D:6)
  6 crimson imps
  3 giant frog zombies
  A quasit (D:9)
  5 giant frog skeletons
  A gnoll shaman (Orc:1)
  8 hounds
  8 jellies
  29 orc priests
  5 centaur skeletons
  14 iguanas
  51 orc wizards
  A spectral swamp drake (Swamp:4)
  13 worker ants
  12 sheep
  A killer bee zombie (D:10)
  2 hound skeletons
  A hound zombie (D:5)
  9 gnolls
  3 swamp drake zombies (Swamp:4)
  14 adders
  66 river rats
  4 shadow imps
  5 oozes
  An adder zombie (D:5)
  3 adder skeletons (D:4)
  4 worms
  2 dart slugs
  5 giant geckos
  114 orcs
  9 giant cockroaches
  8 goblins
  15 hobgoblins
  14 jackals
  23 kobolds
  6 quokkas
  3 ball pythons (D:3)
  8 bats
  A giant gecko zombie (D:5)
  5 giant newts
  A jackal skeleton (D:8)
  A quokka skeleton (D:4)
  11 rats
  2 plants
1444 creatures vanquished.

Vanquished Creatures (others)
  A ghost crab (Swamp:4)
  A spriggan druid (Swamp:4)
  A spiny frog (Swamp:1)
  A swamp worm zombie (Swamp:4)
  A hydra zombie (Swamp:4)
  A spriggan (Swamp:4)
  3 humans (Lair:5)
  A porcupine (Lair:5)
  An electric eel (Lair:5)
  An orc wizard (D:4)
  An orc (D:10)
  2 bushes (Lair:8)
  23 fungi
  32 plants
70 creatures vanquished.

Grand Total: 1514 creatures vanquished

Notes
Turn   | Place    | Note
--------------------------------------------------------------
     0 | D:1      | Murumi the Formicid Fighter began the quest for the Orb.
     0 | D:1      | Reached XP level 1. HP: 18/18 MP: 1/1
    84 | D:1      | Reached skill level 1 in Dodging
   215 | D:1      | Reached XP level 2. HP: 24/24 MP: 2/2
   454 | D:1      | Reached XP level 3. HP: 19/29 MP: 3/3
  1228 | D:2      | Reached XP level 4. HP: 32/35 MP: 4/4
  1956 | D:3      | Reached XP level 5. HP: 41/42 MP: 5/5
  2160 | D:3      | Found a glowing drain.
  2172 | Sewer    | Entered a sewer
  2352 | Sewer    | Noticed a big kobold
  2363 | Sewer    | Killed a big kobold
  2363 | Sewer    | Reached skill level 5 in Shields
  2363 | Sewer    | Reached XP level 6. HP: 47/48 MP: 6/6
  2382 | Sewer    | Found a white marble altar of Elyvilon.
  2385 | Sewer    | Became a worshipper of Elyvilon the Healer
  2567 | D:3      | Was placed under penance by Elyvilon
  2830 | D:3      | Found a glowing silver altar of Zin.
  2886 | D:3      | Reached skill level 1 in Invocations
  3645 | D:4      | Reached XP level 7. HP: 54/54 MP: 9/9
  3737 | D:4      | Was forgiven by Elyvilon
  3852 | D:4      | Found a staircase to the Ecumenical Temple.
  3857 | Temple   | Entered the Ecumenical Temple
  4192 | D:4      | Reached skill level 5 in Invocations
  4933 | D:5      | Entered Level 5 of the Dungeon
  5009 | D:5      | Reached XP level 8. HP: 48/60 MP: 11/11
  5234 | D:5      | Reached * piety under Elyvilon
  5275 | D:5      | You fall through a shaft for 3 floors!
  5290 | D:8      | Reached skill level 5 in Fighting
  5360 | D:8      | Noticed Murumi's ghost (novice FoFi)
  5367 | D:8      | Found a staircase to the Lair.
  5424 | D:8      | Killed Murumi's ghost
  5424 | D:8      | Reached XP level 9. HP: 35/68 MP: 7/12
  5958 | D:7      | Found a burning altar of Makhleb.
  6233 | D:6      | Found a glowing golden altar of the Shining One.
  6257 | D:6      | You fall through a shaft for 2 floors!
  6441 | D:5      | HP: 3/68 [ogre/giant club (24)]
  6653 | D:5      | Found Faim's Assorted Antiques.
  6681 | D:5      | Noticed Eustachio
  6708 | D:5      | Killed Eustachio
  6708 | D:5      | Reached XP level 10. HP: 74/77 MP: 15/15
  6756 | D:5      | Noticed Menkaure
  6767 | D:5      | Killed Menkaure
  6781 | D:5      | Noticed Edmund
  6808 | D:5      | Killed Edmund
  6808 | D:5      | Reached skill level 5 in Long Blades
  7207 | D:6      | Found a shadowy altar of Dithmenos.
  7361 | D:6      | Noticed epen's ghost (novice DrMo)
  7398 | D:6      | Killed epen's ghost
  7861 | D:7      | Found a basalt altar of Yredelemnul.
  7885 | D:7      | Found a sparkling altar of Nemelex Xobeh.
  7986 | D:7      | Reached ** piety under Elyvilon
  8140 | D:7      | Reached skill level 5 in Dodging
  8999 | D:7      | Found an ancient bone altar of Kikubaaqudgha.
  9000 | D:7      | Found a bloodstained altar of Trog.
  9001 | D:7      | Found a sacrificial altar of Ru.
  9128 | D:8      | Found an iron altar of Okawaru.
  9169 | D:8      | Found a stormy altar of Qazlal.
  9366 | D:9      | Reached XP level 11. HP: 84/84 MP: 17/17
  9583 | D:9      | Found a snail-covered altar of Cheibriados.
  9884 | D:9      | Noticed Prince Ribbit
 10072 | D:10     | Entered Level 10 of the Dungeon
 10114 | D:10     | Noticed a hill giant
 10653 | D:10     | Noticed a hill giant
 10682 | D:10     | Killed a hill giant
 11334 | D:10     | Killed a hill giant
 12051 | D:11     | Reached skill level 10 in Shields
 12099 | D:11     | Noticed a hill giant
 12117 | D:11     | Killed a hill giant
 12387 | D:11     | Reached *** piety under Elyvilon
 12390 | D:11     | Reached XP level 12. HP: 84/95 MP: 19/19
 12440 | D:11     | Reached skill level 10 in Invocations
 13231 | D:12     | Found a portal to a secret trove of treasure.
 14386 | D:12     | Found a staircase to the Orcish Mines.
 14940 | D:12     | Noticed a tengu warrior
 15022 | D:12     | Reached skill level 10 in Fighting
 15155 | D:12     | Killed a tengu warrior
 15262 | D:12     | Reached XP level 13. HP: 50/103 MP: 21/21
 15756 | D:12     | Reached skill level 10 in Armour
 15781 | D:12     | Reached skill level 1 in Crossbows
 16296 | Orc:1    | Entered Level 1 of the Orcish Mines
 16849 | Orc:1    | Reached skill level 5 in Crossbows
 16981 | Orc:1    | Noticed Nergalle
 17034 | Orc:1    | Killed Nergalle
 17977 | Orc:1    | Found a shimmering altar of Xom.
 18075 | Orc:2    | Entered Level 2 of the Orcish Mines
 18100 | Orc:2    | Reached **** piety under Elyvilon
 18443 | Orc:2    | Noticed Saint Roka
 18961 | Orc:2    | Killed Saint Roka
 18962 | Orc:2    | Reached skill level 10 in Crossbows
 19405 | Orc:2    | Reached XP level 14. HP: 100/110 MP: 22/22
 19942 | Orc:2    | Found Fijeehex's Assorted Antiques.
 20413 | Orc:2    | Found Nenkasabb's Book Shop.
 20420 | Orc:2    | Found Xeste's Weapon Boutique.
 20422 | Orc:2    | Found Teywoeroma's Magic Scroll Boutique.
 20468 | Orc:2    | Bought a +0 great sword for 97 gold pieces
 20771 | Orc:2    | Elyvilon protects you from harm!
 21056 | Orc:2    | Found a staircase to the Elven Halls.
 21287 | Orc:1    | Noticed an orc warlord
 21317 | Orc:1    | Killed an orc warlord
 22002 | Orc:2    | Bought a scroll of identify for 32 gold pieces
 22002 | Orc:2    | Bought 3 scrolls of identify for 96 gold pieces
 22002 | Orc:2    | Bought a scroll of identify for 32 gold pieces
 22002 | Orc:2    | Bought a scroll of identify for 32 gold pieces
 22002 | Orc:2    | Bought 3 scrolls of identify for 96 gold pieces
 22003 | Orc:2    | Gained mutation: You have an increased reservoir of magic (+10% MP). [potion of beneficial mutation]
 22939 | D:13     | Reached skill level 10 in Long Blades
 24411 | D:14     | Found a gate to the Vaults.
 24629 | D:14     | Reached XP level 15. HP: 51/115 MP: 26/26
 25292 | D:14     | Found a runed door.
 25741 | D:14     | Noticed a storm dragon
 25780 | D:14     | Killed a storm dragon
 26192 | Lair:1   | Entered Level 1 of the Lair of Beasts
 26953 | Lair:1   | Reached skill level 15 in Long Blades
 27440 | Lair:2   | Reached ***** piety under Elyvilon
 28067 | Lair:2   | Noticed Sonja
 28314 | Lair:2   | Killed Sonja
 28841 | Lair:2   | Identified the Handbook of the Congealing Compass
 29338 | Lair:3   | Found a staircase to the Snake Pit.
 30746 | Lair:4   | Noticed Urug
 30771 | Lair:4   | Killed Urug
 31568 | Lair:5   | Reached XP level 16. HP: 112/125 MP: 27/27
 31908 | Lair:5   | Noticed Kirke
 31924 | Lair:5   | Killed Kirke
 31935 | Lair:5   | Found a staircase to the Swamp.
 33172 | Lair:6   | Found a frozen archway.
 33219 | IceCv    | Entered an ice cave
 33668 | IceCv    | Noticed a frost giant
 33693 | IceCv    | Killed a frost giant
 33892 | IceCv    | Gained mutation: You are somewhat resistant to further mutation. [potion of beneficial mutation]
 34082 | Lair:6   | Found a staircase to the Slime Pits.
 34578 | Lair:6   | Reached ****** piety under Elyvilon
 35392 | Lair:7   | Found a shattered altar of Ashenzari.
 35836 | Lair:8   | Entered Level 8 of the Lair of Beasts
 36086 | Lair:8   | Reached XP level 17. HP: 113/133 MP: 29/29
 36415 | Lair:8   | Reached skill level 10 in Dodging
 37387 | Swamp:1  | Entered Level 1 of the Swamp
 37623 | D:15     | Entered Level 15 of the Dungeon
 38226 | D:15     | Noticed Roxanne
 38563 | D:15     | Found a staircase to the Depths.
 39013 | D:15     | Killed Roxanne
 39025 | D:15     | Identified Roxanne's Disquisition on Stones (You took it off Roxanne on level 15 of the Dungeon)
 39868 | Swamp:1  | Reached XP level 18. HP: 67/143 MP: 31/31
 40578 | Swamp:2  | Reached skill level 15 in Shields
 41299 | Swamp:2  | Reached skill level 15 in Invocations
 43046 | Swamp:4  | Entered Level 4 of the Swamp
 44478 | Swamp:4  | Noticed a bone dragon
 44505 | Swamp:4  | Killed a bone dragon
 44782 | Swamp:4  | Got a decaying rune of Zot
 45043 | Snake:1  | Entered Level 1 of the Snake Pit
 45349 | Snake:1  | Noticed Frances
 45356 | Snake:1  | Killed Frances
 45570 | Snake:1  | Reached XP level 19. HP: 143/152 MP: 33/33
 45723 | Snake:1  | Noticed Aizul
 45781 | Snake:1  | Killed Aizul
 46590 | Snake:2  | Noticed Vashnia
 47070 | Snake:2  | Killed Vashnia
 48864 | Snake:3  | Found Howoill's Antique Weapon Shop.
 48903 | Snake:3  | Bought a runed double sword for 375 gold pieces
 49259 | Snake:4  | Entered Level 4 of the Snake Pit
 49734 | Snake:4  | Noticed Mara
 49793 | Snake:4  | HP: 1/152 [Mara (illusionary)/demon whip of draining (25)]
 49793 | Snake:4  | Elyvilon protects you from harm!
 49794 | Snake:4  | Elyvilon protects you from harm!
 49834 | Snake:4  | HP: 3/152 [Mara (illusionary)/demon whip of draining (5)]
 51269 | Snake:3  | Slain by a black mamba

Vault maps used:
D:1:      lightli_arrival_flooded_house
D:2:      first_bread
D:3:      zin_scriptorium, serial_forest, infiniplex_forest_clump_curved,
          infiniplex_forest_clump_C, infiniplex_forest_straight_2,
          infiniplex_forest_clump_double, infiniplex_forest_lined_2,
          portal_sewer_entry_e, minmay_misc_feat_pillars
D:4:      temple_doors_d
D:5:      serial_shops, shop, kennysheep_generic_room_5, uniq_edmund,
          uniq_menkaure, uniq_eustachio
D:6:      kennysheep_mini, kennysheep_little_box, small_statue_alley_b
D:7:      old_standard_altar, overflow_temple_1_default, lemuel_crystal_altar,
          minitemple
D:8:      okawaru_gym_becter, old_standard_altar, lair_0_dummy
D:9:      cheibriados_altar_1, grunt_ogre_cave, uniq_prince_ribbit1
D:10:     nrook_loot_triangle
D:12:     kennysheep_windowed_halls, orc_0_dummy, enter_trove_1, pond
D:13:     kennysheep_generic_room_13
D:14:     minmay_distorted_concentric_squares, erik_vaults_1,
          corexii_corridor_pit, wad_hexagon
D:15:     grunt_enter_depths_magical_seal, hangedman_glass_teeth, uniq_roxanne
Temple:   jpeg_temple_alley_garden_8
Lair:1:   st_stairs_7, grunt_megastairs_5
Lair:2:   infiniplex_staircase_pool, lemuel_fruit_tree, grunt_megastairs_3,
          uniq_sonja
Lair:3:   guppyfry_snake_entry_island, beast_lair_carwin_8
Lair:4:   dpeg_oklob_1, uniq_urug
Lair:5:   swamp_mist_pool, serial_forest, infiniplex_forest_clump_C,
          infiniplex_forest_diagonal, infiniplex_forest_zigzag_1,
          infiniplex_forest_straight_2, infiniplex_forest_clump_double,
          infiniplex_forest_clump_small, serial_bayou_shore_a, uniq_kirke
Lair:6:   nicolae_slime_entry_slimehenge, portal_ice_cave_entry_ice_beasts
Lair:7:   basic_altar, beast_lair_carwin_11, serial_bayou_shore_b
Lair:8:   grunt_lair_end_beastmaster, st_stairs_5
Swamp:1:  nicolae_swamp_rocky_clearing, swamp_pool5, infiniplex_staircase_pool_2
Swamp:2:  hangedman_swamp_ruin_hall
Swamp:3:  nicolae_swamp_round_clearing
Swamp:4:  swamp_pestilence, swamp_pool4, nicolae_swamp_alligator_family
Snake:1:  uniq_aizul, uniq_frances
Snake:2:  uniq_vashnia
Snake:3:  serial_shops, shop
Snake:4:  snake_pit, spider_trap, uniq_mara
Orc:1:    basic_altar, special_room, uniq_nergalle
Orc:2:    st_orc_mages, nicolae_orc_stony_grotto, uniq_saint_roka
Sewer:    sewer_kobolds
IceCv:    ice_cave_small_giant

Skill      XL: |  1  2  3  4  5  6  7  8  9 10 11 12 13 14 15 16 17 18 19 |
---------------+----------------------------------------------------------+-----
Dodging        | 1 2 3 4 5 6 7 8 9 10 11 | 11.0
Shields        | 4 5 6 7 9 10 12 13 14 15 16 | 16.0
Long Blades    | 3 4 6 7 9 12 16 | 16.2
Fighting       | 4 5 6 7 9 10 11 12 13 14 | 14.1
Armour         | 4 8 9 10 11 12 13 14 | 14.0
Invocations    | 2 5 7 9 11 12 13 14 15 16 | 16.0
Crossbows      | 10 11 12 13 | 13.0

Action                   |  1- 3 |  4- 6 |  7- 9 | 10-12 | 13-15 | 16-18 | 19-21 || total
-------------------------+-------+-------+-------+-------+-------+-------+-------++-------
Melee: Long sword        |   103 |   285 |   452 |   612 |       |       |       ||  1452
       Scimitar          |       |       |       |   736 |  1045 |    82 |       ||  1863
       Great sword       |       |       |       |       |  1351 |  2248 |   435 ||  4034
       Double sword      |       |       |       |       |       |       |   342 ||   342
 Fire: Arbalest          |       |       |       |       |    27 |    33 |    28 ||    88
Invok: Lesser Healing    |       |       |    14 |    11 |    33 |     7 |    81 ||   146
       Greater Healing   |       |       |       |       |     2 |       |     4 ||     6
       Heal Other        |       |       |       |       |       |     4 |     4 ||     8
       Divine Protection |       |       |       |       |       |       |     2 ||     2
 Abil: Dig               |       |     2 |    10 |     7 |    28 |    18 |    23 ||    88
Evoke: Wand              |       |       |       |     3 |       |     2 |       ||     5
  Use: Scroll            |     6 |     5 |     4 |    11 |    11 |    12 |     4 ||    53
       Potion            |       |     4 |     3 |     3 |    10 |     4 |    13 ||    37
 Stab: Distracted        |       |       |       |       |     2 |       |       ||     2
  Eat: Chunk             |     1 |     8 |    20 |    33 |    64 |    48 |    15 ||   189
       Fruit             |       |       |     1 |       |       |       |     3 ||     4
       Beef jerky        |       |       |     1 |       |       |       |     3 ||     4
       Pizza             |       |       |       |       |       |       |     3 ||     3
       Royal jelly       |       |       |       |       |       |       |     2 ||     2
